Orlando Solar Bears vs Cape Breton Oilers
Created - Thursday, August 29, 2024 at 09:14
Goals
|
| Orlando Solar Bears |
1 |
3 |
1 |
5 |
| Cape Breton Oilers |
0 |
1 |
1 |
2 |
|
Shots
|
| Orlando Solar Bears |
13 |
24 |
8 |
45 |
| Cape Breton Oilers |
5 |
10 |
7 |
22 |
|
1st period
1. Orlando Solar Bears , Adam Beckman 5 (Philip Tomasino 9, Justin Danforth 7) at 16:50
Penalties :
Leon Gawanke (CBO) for Tripping (Minor) at 4:35, Victor Soderstrom (OSB) for Holding (Minor) at 7:24
2nd period
2. Orlando Solar Bears , Philip Tomasino 4 (Justin Danforth 8) at 0:18 (PP)
3. Cape Breton Oilers , Jonny Brodzinski 5 (Luke Evangelista 8, Philip Broberg 6) at 3:31
4. Orlando Solar Bears , Jordan Martinook 5 (Justin Brazeau 6, Spencer Stastney 3) at 7:10
5. Orlando Solar Bears , Martin Pospisil 2 (Spencer Stastney 4, Philip Tomasino 10) at 14:52
Penalties :
Wyatt Kaiser (CBO) for Cross-checking (Minor) at 0:17, Victor Soderstrom (OSB) for Interference (Minor) at 10:13
3rd period
6. Cape Breton Oilers , Philip Broberg 3 (Jonny Brodzinski 9, Luke Evangelista 9) at 13:23 (PP)
7. Orlando Solar Bears , Marat Khusnutdinov 3 (Viktor Neuchev 2, Travis Dermott 6) at 19:52
Penalties :
Leon Gawanke (CBO) for High sticking (Minor) at 1:36, Dmitri Voronkov (OSB) for Goalie Interference (Minor) at 11:44, Jarred Tinordi (OSB) for Interference (Minor) at 13:44
Goalie Stats
Filip Gustavsson (OSB), 20 saves from 22 shots - (0.909), W, 7-2-0, 60:00 minutes
Hunter Jones (CBO), 40 saves from 45 shots - (0.889), L, 0-1-0, 60:00 minutes
Players Stats for Orlando Solar Bears
Player Name G A P +/- PIM S H SB GA TA FO MP PP MP PK MP
------------------------------------------------------------------------------------
Adam Beckman 1 0 1 1 0 3 0 1 0 0 0/0 14:27 2:04 0:00
Adam Ruzicka 0 0 0 1 0 3 2 0 1 1 0/1 17:49 1:52 0:15
Carter Mazur 0 0 0 0 0 0 1 0 0 0 0/0 8:44 0:00 0:00
Dmitri Voronkov 0 0 0 1 2 5 2 1 1 0 12/18 19:32 1:50 2:51
Henry Thrun 0 0 0 0 0 0 0 1 0 1 0/0 20:07 1:49 3:54
Isaak Phillips 0 0 0 0 0 0 1 0 0 0 0/0 20:07 1:49 3:54
Jarred Tinordi 0 0 0 1 2 1 3 0 0 0 0/0 24:57 2:10 2:47
Jordan Martinook 1 0 1 1 0 3 2 0 1 1 5/7 20:29 1:50 3:47
Justin Brazeau 0 1 1 1 0 3 1 0 1 0 0/0 11:46 0:08 0:00
Justin Danforth 0 2 2 1 0 3 2 0 0 0 9/12 18:01 2:04 3:34
Justin Sourdif 0 0 0 0 0 1 1 0 1 0 3/3 8:44 0:00 0:00
Marat Khusnutdinov 1 0 1 1 0 8 1 0 0 0 6/10 13:22 0:00 0:58
Martin Pospisil 1 0 1 0 0 2 2 0 1 0 0/0 8:51 0:05 0:00
Philip Tomasino 1 2 3 1 0 7 2 0 1 0 1/1 18:14 2:04 3:47
Spencer Stastney 0 2 2 2 0 2 1 2 0 1 0/0 14:00 0:00 0:00
Travis Dermott 0 1 1 1 0 3 1 1 0 0 0/0 25:53 2:10 3:42
Victor Soderstrom 0 0 0 2 4 0 0 0 0 0 0/0 15:41 0:00 0:55
Viktor Neuchev 0 1 1 1 0 1 1 0 0 0 0/1 11:36 0:00 0:00
Players Stats for Cape Breton Oilers
Player Name G A P +/- PIM S H SB GA TA FO MP PP MP PK MP
------------------------------------------------------------------------------------
Alex Belzile 0 0 0 0 0 0 0 0 0 0 1/1 5:54 0:00 0:00
Alexey Toropchenko 0 0 0 -1 0 1 3 1 0 0 1/5 22:28 3:08 1:44
Brennan Othmann 0 0 0 -2 0 1 0 2 1 0 0/0 14:07 0:00 0:00
Brett Seney 0 0 0 -2 0 2 2 1 0 0 0/2 17:37 3:22 0:29
Carl Grundstrom 0 0 0 0 0 1 1 1 0 0 0/1 8:20 0:58 0:00
Dominic Toninato 0 0 0 -2 0 3 3 1 0 0 1/4 15:53 0:00 0:29
Jonny Brodzinski 1 1 2 1 0 3 1 0 0 0 7/14 16:24 3:23 0:00
Kevin Bahl 0 0 0 0 0 1 0 3 0 1 0/0 24:51 4:01 1:53
Leon Gawanke 0 0 0 -3 4 1 1 0 0 2 0/0 14:28 0:00 0:00
Luke Evangelista 0 2 2 1 0 2 1 1 0 0 0/0 18:10 3:23 1:44
Matt Luff 0 0 0 -1 0 0 1 0 0 0 0/0 4:55 1:14 0:00
Max Jones 0 0 0 -2 0 2 2 0 0 0 1/2 17:04 0:50 1:46
Parker Kelly 0 0 0 -2 0 1 2 2 1 1 6/24 18:14 3:07 1:46
Philip Broberg 1 1 2 0 0 1 1 2 1 0 0/0 24:49 4:01 1:53
Vladislav Kolyachonok 0 0 0 0 0 2 1 3 1 2 0/0 20:59 3:35 2:06
Will Cuylle 0 0 0 1 0 1 2 0 0 1 0/0 16:24 3:23 0:00
William Trudeau 0 0 0 -3 0 0 1 0 0 0 0/0 14:13 0:00 0:01
Wyatt Kaiser 0 0 0 0 2 0 1 4 0 0 0/0 21:08 3:35 2:05
3 Stars
1 - Philip Tomasino (OSB)
2 - Spencer Stastney (OSB)
3 - Jordan Martinook (OSB)
Power Play
Orlando Solar Bears - 1 on 3 Attempt(s) - 33.33%
Cape Breton Oilers - 1 on 4 Attempt(s) - 25.00%
Penalty Kill
Orlando Solar Bears - 3 on 4 Attempt(s) - 75.00%
- Score 0 goal in Penalty Kill
Cape Breton Oilers - 2 on 3 Attempt(s) - 66.67%
- Score 0 goal in Penalty Kill
Team Stat
Orlando Solar Bears - Hits : 23 - Faceoff Wins : 36 - Blocked Shots : 6 - Penalty Minutes : 8
Cape Breton Oilers - Hits : 23 - Faceoff Wins : 17 - Blocked Shots : 21 - Penalty Minutes : 6
Official
Referees : Brian Pochmara and Eric Furlatt
Linesman : Mitchell Hunt and Jonathan Deschamps
Game Notes
No Game Note
Orlando Solar Bears
5 vs 5 Forward
Center Left Wing Right Wing Time % Phy DF OF
1 Dmitri Voronkov Adam Ruzicka Jordan Martinook 30 1 2 2
2 Justin Danforth Adam Beckman Philip Tomasino 30 1 2 2
3 Marat Khusnutdinov Viktor Neuchev Justin Brazeau 25 1 2 2
4 Justin Sourdif Carter Mazur Martin Pospisil 15 1 2 2
5 vs 5 Defense
Defense Defense Time % Phy DF OF
1 Jarred Tinordi Travis Dermott 30 1 2 2
2 Henry Thrun Isaak Phillips 30 1 2 2
3 Spencer Stastney Victor Soderstrom 25 1 2 2
4 Jarred Tinordi Travis Dermott 15 1 2 2
PowerPlay Forward
Center Left Wing Right Wing Time % Phy DF OF
1 Dmitri Voronkov Adam Ruzicka Jordan Martinook 50 1 2 2
2 Justin Danforth Adam Beckman Philip Tomasino 50 1 2 2
PowerPlay Defense
Defense Defense Time % Phy DF OF
1 Jarred Tinordi Travis Dermott 50 1 2 2
2 Henry Thrun Isaak Phillips 50 1 2 2
Penalty Kill 4 Players Forward
Center Wing Time % Phy DF OF
1 Jordan Martinook Philip Tomasino 50 1 2 2
2 Dmitri Voronkov Justin Danforth 50 1 2 2
Penalty Kill 4 Players Defense
Defense Defense Time % Phy DF OF
1 Jarred Tinordi Travis Dermott 50 1 2 2
2 Henry Thrun Isaak Phillips 50 1 2 2
Penalty Kill - 3 Players Forward
Forward Time % Phy DF OF
1 Jordan Martinook 50 1 2 2
2 Philip Tomasino 50 1 2 2
Penalty Kill - 3 Players Defense
Defense Defense Time % Phy DF OF
1 Jarred Tinordi Travis Dermott 50 1 2 2
2 Henry Thrun Isaak Phillips 50 1 2 2
4 vs 4 Forward
Center Wing Time % Phy DF OF
1 Jordan Martinook Philip Tomasino 50 1 2 2
2 Dmitri Voronkov Justin Danforth 50 1 2 2
4 vs 4 Defense
Defense Defense Time % Phy DF OF
1 Jarred Tinordi Travis Dermott 50 1 2 2
2 Henry Thrun Isaak Phillips 50 1 2 2
Last Minutes Offensive
Center Left Wing Right Wing Defense Defense
Dmitri Voronkov Adam Ruzicka Jordan Martinook Jarred Tinordi Travis Dermott
Last Minutes Defensive
Center Left Wing Right Wing Defense Defense
Dmitri Voronkov Adam Ruzicka Jordan Martinook Jarred Tinordi Travis Dermott
Goaltenders
Starting : Filip Gustavsson
Backup : Erik Portillo
Extra Forwards
Normal : Justin Brazeau, Martin Pospisil, Marat Khusnutdinov - PP : Justin Brazeau, Martin Pospisil - PK : Marat Khusnutdinov
Extra Defensemen
Normal : Spencer Stastney, Victor Soderstrom, Henry Thrun - PP : Spencer Stastney - PK : Victor Soderstrom, Henry Thrun
Penalty Shots
Jordan Martinook, Philip Tomasino, Dmitri Voronkov, Justin Danforth, Adam Ruzicka
Scratches
Elliot Desnoyers (Healthy), Lukas Cormier (Healthy), Amadeus Lombardi (Healthy), Alex Turcotte (Healthy), Alexis Gendron (Healthy)
Topi Niemela (Healthy), Vadim Zherenko (Healthy)
Cape Breton Oilers
5 vs 5 Forward
Center Left Wing Right Wing Time % Phy DF OF
1 Parker Kelly Brett Seney Alexey Toropchenko 30 1 2 2
2 Jonny Brodzinski Will Cuylle Luke Evangelista 30 1 2 2
3 Dominic Toninato Brennan Othmann Max Jones 25 1 2 2
4 Alex Belzile Alexey Toropchenko Carl Grundstrom 15 1 2 2
5 vs 5 Defense
Defense Defense Time % Phy DF OF
1 Kevin Bahl Philip Broberg 30 1 2 2
2 Wyatt Kaiser Vladislav Kolyachonok 30 1 2 2
3 Leon Gawanke William Trudeau 25 1 2 2
4 Kevin Bahl Philip Broberg 15 1 2 2
PowerPlay Forward
Center Left Wing Right Wing Time % Phy DF OF
1 Parker Kelly Brett Seney Alexey Toropchenko 50 1 2 2
2 Jonny Brodzinski Will Cuylle Luke Evangelista 50 1 2 2
PowerPlay Defense
Defense Defense Time % Phy DF OF
1 Kevin Bahl Philip Broberg 50 1 2 2
2 Wyatt Kaiser Vladislav Kolyachonok 50 1 2 2
Penalty Kill 4 Players Forward
Center Wing Time % Phy DF OF
1 Alexey Toropchenko Luke Evangelista 50 1 2 2
2 Max Jones Parker Kelly 50 1 2 2
Penalty Kill 4 Players Defense
Defense Defense Time % Phy DF OF
1 Kevin Bahl Philip Broberg 50 1 2 2
2 Wyatt Kaiser Vladislav Kolyachonok 50 1 2 2
Penalty Kill - 3 Players Forward
Forward Time % Phy DF OF
1 Alexey Toropchenko 50 1 2 2
2 Luke Evangelista 50 1 2 2
Penalty Kill - 3 Players Defense
Defense Defense Time % Phy DF OF
1 Kevin Bahl Philip Broberg 50 1 2 2
2 Wyatt Kaiser Vladislav Kolyachonok 50 1 2 2
4 vs 4 Forward
Center Wing Time % Phy DF OF
1 Alexey Toropchenko Luke Evangelista 50 1 2 2
2 Max Jones Parker Kelly 50 1 2 2
4 vs 4 Defense
Defense Defense Time % Phy DF OF
1 Kevin Bahl Philip Broberg 50 1 2 2
2 Wyatt Kaiser Vladislav Kolyachonok 50 1 2 2
Last Minutes Offensive
Center Left Wing Right Wing Defense Defense
Parker Kelly Brett Seney Alexey Toropchenko Kevin Bahl Philip Broberg
Last Minutes Defensive
Center Left Wing Right Wing Defense Defense
Parker Kelly Brett Seney Alexey Toropchenko Kevin Bahl Philip Broberg
Goaltenders
Starting : Hunter Jones
Backup : Joel Blomqvist
Extra Forwards
Normal : Matt Luff, Carl Grundstrom, Dominic Toninato - PP : Matt Luff, Carl Grundstrom - PK : Dominic Toninato
Extra Defensemen
Normal : Leon Gawanke, William Trudeau, Wyatt Kaiser - PP : Leon Gawanke - PK : William Trudeau, Wyatt Kaiser
Penalty Shots
Alexey Toropchenko, Luke Evangelista, Max Jones, Parker Kelly, Brett Seney
Scratches
Chase Stillman (Healthy), Nolan Allan (Healthy), Josh Bloom (Healthy), Mike Benning (Healthy), Maxim Groshev (Healthy)
Jonah Gadjovich (Healthy), Jacob Ingham (Healthy), Matt Villalta (Healthy)
% Time on Ice - Orlando Solar Bears
Lines # - Real PCT - Wanted PCT - Time Play
Normal Forward
1 - 31% - 30% - 15:00
2 - 27% - 30% - 13:05
3 - 24% - 25% - 11:36
4 - 18% - 15% - 8:44
Normal Defense
1 - 30% - 30% - 14:40
2 - 30% - 30% - 14:24
3 - 29% - 25% - 14:00
4 - 11% - 15% - 5:21
PP Forward
1 - 48% - 50% - 1:55
2 - 52% - 50% - 2:04
PP Defense
1 - 54% - 50% - 2:10
2 - 46% - 50% - 1:49
PK Forward
1 - 51% - 50% - 3:52
2 - 49% - 50% - 3:44
PK Defense
1 - 49% - 50% - 3:42
2 - 51% - 50% - 3:54
PK3 Forward
1 - 0% - 50%
2 - 0% - 50%
PK3 Defense
1 - 0% - 50%
2 - 0% - 50%
44 Forward
1 - 0% - 50%
2 - 0% - 50%
44 Defense
1 - 0% - 50%
2 - 0% - 50%
Last Minute Offensive - 0:00
Last Minute Defensive - 0:00
Total
Forward - 60:00
Defense - 60:00
|
% Time on Ice - Cape Breton Oilers
Lines # - Real PCT - Wanted PCT - Time Play
Normal Forward
1 - 28% - 30% - 13:20
2 - 31% - 30% - 15:04
3 - 29% - 25% - 14:07
4 - 12% - 15% - 5:54
Normal Defense
1 - 29% - 30% - 13:56
2 - 32% - 30% - 15:18
3 - 29% - 25% - 14:10
4 - 10% - 15% - 5:01
PP Forward
1 - 45% - 50% - 3:23
2 - 55% - 50% - 4:13
PP Defense
1 - 53% - 50% - 4:01
2 - 47% - 50% - 3:35
PK Forward
1 - 49% - 50% - 1:58
2 - 51% - 50% - 2:01
PK Defense
1 - 47% - 50% - 1:53
2 - 53% - 50% - 2:06
PK3 Forward
1 - 0% - 50%
2 - 0% - 50%
PK3 Defense
1 - 0% - 50%
2 - 0% - 50%
44 Forward
1 - 0% - 50%
2 - 0% - 50%
44 Defense
1 - 0% - 50%
2 - 0% - 50%
Last Minute Offensive - 0:00
Last Minute Defensive - 0:00
Total
Forward - 60:00
Defense - 60:00
|
Play-by-Play
1st period
0:01 of 1st period - Dmitri Voronkov wins face-off versus Parker Kelly in neutral zone.
0:04 of 1st period - Snap shot by Dmitri Voronkov.
0:04 of 1st period - Stopped by Hunter Jones without a rebound.
0:05 of 1st period - Dmitri Voronkov wins face-off versus Parker Kelly in Cape Breton Oilers zone.
0:34 of 1st period - Snap shot by Justin Brazeau.
0:34 of 1st period - Stopped by Hunter Jones with a rebound.
0:36 of 1st period - Wrist shot by Marat Khusnutdinov.
0:36 of 1st period - Shot Misses the Net.
0:38 of 1st period - Slapshot by Jarred Tinordi.
0:38 of 1st period - Shot Blocked by Kevin Bahl.
1:00 of 1st period - Snap shot by Luke Evangelista.
1:00 of 1st period - Shot Misses the Net.
1:02 of 1st period - Snap shot by Luke Evangelista.
1:02 of 1st period - Shot Misses the Net.
1:53 of 1st period - Icing by Jonny Brodzinski.
1:54 of 1st period - Jonny Brodzinski wins face-off versus Marat Khusnutdinov in Cape Breton Oilers zone.
2:08 of 1st period - Luke Evangelista is hit by Marat Khusnutdinov and loses puck.
2:25 of 1st period - Wrist shot by Justin Danforth.
2:25 of 1st period - Stopped by Hunter Jones with a rebound.
2:43 of 1st period - Alexey Toropchenko is hit by Adam Ruzicka and loses puck.
3:41 of 1st period - Slapshot by Philip Tomasino.
3:41 of 1st period - Shot Misses the Net.
4:13 of 1st period - Snap shot by Justin Sourdif.
4:13 of 1st period - Stopped by Hunter Jones without a rebound.
4:14 of 1st period - Justin Danforth wins face-off versus Dominic Toninato in Cape Breton Oilers zone.
4:29 of 1st period - Slapshot by Justin Danforth.
4:29 of 1st period - Stopped by Hunter Jones with a rebound.
4:35 of 1st period - Minor Penalty to Leon Gawanke for Tripping.
4:36 of 1st period - Alexey Toropchenko wins face-off versus Dmitri Voronkov in Cape Breton Oilers zone.
4:51 of 1st period - Snap shot by Adam Ruzicka.
4:51 of 1st period - Shot Misses the Net.
6:35 of 1st period - Penalty to Leon Gawanke is over, Leon Gawanke is back on ice.
6:43 of 1st period - Wrist shot by Luke Evangelista.
6:43 of 1st period - Shot Misses the Net.
7:12 of 1st period - Max Jones is hit by Carter Mazur and loses puck.
7:24 of 1st period - Minor Penalty to Victor Soderstrom for Holding.
7:25 of 1st period - Jordan Martinook wins face-off versus Parker Kelly in Orlando Solar Bears zone.
7:32 of 1st period - Snap shot by Jordan Martinook.
7:32 of 1st period - Shot Misses the Net.
7:40 of 1st period - Philip Tomasino is hit by Alexey Toropchenko and loses puck.
9:24 of 1st period - Penalty to Victor Soderstrom is over, Victor Soderstrom is back on ice.
9:32 of 1st period - Off-side.
9:33 of 1st period - Justin Sourdif wins face-off versus Dominic Toninato in neutral zone.
10:00 of 1st period - Snap shot by Martin Pospisil.
10:00 of 1st period - Stopped by Hunter Jones without a rebound.
10:01 of 1st period - Marat Khusnutdinov wins face-off versus Alexey Toropchenko in Cape Breton Oilers zone.
10:10 of 1st period - Snap shot by Justin Brazeau.
10:10 of 1st period - Shot Blocked by Philip Broberg.
10:12 of 1st period - Slapshot by Jarred Tinordi.
10:12 of 1st period - Shot Blocked by Kevin Bahl.
10:14 of 1st period - Slapshot by Travis Dermott.
10:14 of 1st period - Shot Misses the Net.
10:16 of 1st period - Slapshot by Travis Dermott.
10:16 of 1st period - Shot Misses the Net.
11:00 of 1st period - Justin Danforth is hit by Max Jones.
11:18 of 1st period - Snap shot by Dominic Toninato.
11:18 of 1st period - Stopped by Filip Gustavsson with a rebound.
11:20 of 1st period - Snap shot by Max Jones.
11:20 of 1st period - Shot Misses the Net.
11:22 of 1st period - Slapshot by Vladislav Kolyachonok.
11:22 of 1st period - Shot Blocked by Henry Thrun.
11:26 of 1st period - Slapshot by Max Jones.
11:26 of 1st period - Stopped by Filip Gustavsson without a rebound.
11:27 of 1st period - Dmitri Voronkov wins face-off versus Parker Kelly in Orlando Solar Bears zone.
11:52 of 1st period - Philip Tomasino is hit by Will Cuylle and loses puck.
11:57 of 1st period - Slapshot by Luke Evangelista.
11:57 of 1st period - Stopped by Filip Gustavsson without a rebound.
11:58 of 1st period - Justin Danforth wins face-off versus Jonny Brodzinski in Orlando Solar Bears zone.
12:14 of 1st period - Jonny Brodzinski is hit by Justin Danforth and loses puck.
12:25 of 1st period - Will Cuylle is hit by Jarred Tinordi and loses puck.
12:42 of 1st period - Snap shot by Will Cuylle.
12:42 of 1st period - Stopped by Filip Gustavsson without a rebound.
12:43 of 1st period - Dmitri Voronkov wins face-off versus Parker Kelly in Orlando Solar Bears zone.
12:43 of 1st period - Dmitri Voronkov is hit by Vladislav Kolyachonok.
13:08 of 1st period - Adam Beckman is hit by Wyatt Kaiser and loses puck.
13:17 of 1st period - Snap shot by Philip Tomasino.
13:17 of 1st period - Stopped by Hunter Jones with a rebound.
13:27 of 1st period - Snap shot by Max Jones.
13:27 of 1st period - Stopped by Filip Gustavsson with a rebound.
14:04 of 1st period - Wrist shot by Adam Ruzicka.
14:04 of 1st period - Shot Misses the Net.
14:06 of 1st period - Backhand shot by Travis Dermott.
14:06 of 1st period - Stopped by Hunter Jones without a rebound.
14:07 of 1st period - Jonny Brodzinski wins face-off versus Justin Danforth in Cape Breton Oilers zone.
15:48 of 1st period - Dominic Toninato is hit by Jarred Tinordi and loses puck.
16:21 of 1st period - Backhand shot by Carl Grundstrom.
16:21 of 1st period - Shot Misses the Net.
16:37 of 1st period - Snap shot by Parker Kelly.
16:37 of 1st period - Deflect By Matt Luff.
16:37 of 1st period - Shot Misses the Net.
16:37 of 1st period - Puck is out of play.
16:38 of 1st period - Justin Danforth wins face-off versus Parker Kelly in Orlando Solar Bears zone.
16:43 of 1st period - Parker Kelly is hit by Justin Danforth and loses puck.
16:48 of 1st period - Wrist shot by Philip Tomasino.
16:48 of 1st period - Stopped by Hunter Jones with a rebound.
16:50 of 1st period - Snap shot by Adam Beckman.
16:50 of 1st period - Goal by Adam Beckman - Orlando Solar Bears : 1 - Cape Breton Oilers : 0.
16:51 of 1st period - Dmitri Voronkov wins face-off versus Parker Kelly in neutral zone.
16:53 of 1st period - Off-side.
16:54 of 1st period - Parker Kelly wins face-off versus Dmitri Voronkov in neutral zone.
16:57 of 1st period - Wrist shot by Parker Kelly.
16:57 of 1st period - Deflect By Dmitri Voronkov.
16:57 of 1st period - Shot Misses the Net.
16:57 of 1st period - Puck is out of play.
16:58 of 1st period - Dmitri Voronkov wins face-off versus Alexey Toropchenko in Orlando Solar Bears zone.
16:58 of 1st period - Dmitri Voronkov is hit by Brett Seney.
17:14 of 1st period - Snap shot by Alexey Toropchenko.
17:14 of 1st period - Shot Misses the Net.
17:34 of 1st period - Wrist shot by Justin Danforth.
17:34 of 1st period - Shot Blocked by Luke Evangelista.
18:23 of 1st period - Spencer Stastney is hit by Jonny Brodzinski and loses puck.
19:14 of 1st period - Wrist shot by Justin Danforth.
19:14 of 1st period - Shot Blocked by Wyatt Kaiser.
19:16 of 1st period - Wrist shot by Adam Beckman.
19:16 of 1st period - Stopped by Hunter Jones with a rebound.
19:18 of 1st period - Slapshot by Spencer Stastney.
19:18 of 1st period - Stopped by Hunter Jones with a rebound.
19:20 of 1st period - Slapshot by Spencer Stastney.
19:20 of 1st period - Stopped by Hunter Jones without a rebound.
19:21 of 1st period - Dmitri Voronkov wins face-off versus Jonny Brodzinski in Cape Breton Oilers zone.
19:28 of 1st period - Snap shot by Adam Ruzicka.
19:28 of 1st period - Shot Hit the Post.
19:51 of 1st period - Adam Ruzicka is hit by Dominic Toninato and loses puck.
Goals for this period are 1 for Orlando Solar Bears vs 0 for Cape Breton Oilers.
Shots for this period are 13 for Orlando Solar Bears vs 5 for Cape Breton Oilers.
2nd period
0:01 of 2nd period - Justin Danforth wins face-off versus Parker Kelly in neutral zone.
0:08 of 2nd period - Snap shot by Justin Danforth.
0:08 of 2nd period - Shot Misses the Net.
0:10 of 2nd period - Snap shot by Jarred Tinordi.
0:10 of 2nd period - Shot Blocked by Alexey Toropchenko.
0:12 of 2nd period - Slapshot by Justin Danforth.
0:12 of 2nd period - Shot Blocked by Parker Kelly.
0:14 of 2nd period - Slapshot by Adam Beckman.
0:14 of 2nd period - Deflect By Philip Tomasino.
0:14 of 2nd period - Shot Blocked by Kevin Bahl.
0:14 of 2nd period - Puck is out of play.
0:15 of 2nd period - Jonny Brodzinski wins face-off versus Dmitri Voronkov in Cape Breton Oilers zone.
0:17 of 2nd period - Minor Penalty to Wyatt Kaiser for Cross-checking.
0:18 of 2nd period - Justin Danforth wins face-off versus Max Jones in Cape Breton Oilers zone.
0:18 of 2nd period - Slapshot by Philip Tomasino.
0:18 of 2nd period - Goal by Philip Tomasino - Orlando Solar Bears : 2 - Cape Breton Oilers : 0.
0:19 of 2nd period - Justin Danforth wins face-off versus Parker Kelly in neutral zone.
0:41 of 2nd period - Icing by Adam Beckman.
0:42 of 2nd period - Jonny Brodzinski wins face-off versus Dmitri Voronkov in Orlando Solar Bears zone.
1:21 of 2nd period - Philip Tomasino is hit by Brett Seney and loses puck.
1:34 of 2nd period - Snap shot by Marat Khusnutdinov.
1:34 of 2nd period - Shot Blocked by Vladislav Kolyachonok.
1:36 of 2nd period - Snap shot by Viktor Neuchev.
1:36 of 2nd period - Stopped by Hunter Jones with a rebound.
1:38 of 2nd period - Backhand shot by Isaak Phillips.
1:38 of 2nd period - Shot Misses the Net.
1:40 of 2nd period - Slapshot by Justin Brazeau.
1:40 of 2nd period - Deflect By Viktor Neuchev.
1:40 of 2nd period - Shot Blocked by Brennan Othmann.
1:40 of 2nd period - Puck is out of play.
1:41 of 2nd period - Jonny Brodzinski wins face-off versus Adam Ruzicka in Cape Breton Oilers zone.
2:23 of 2nd period - Jarred Tinordi is hit by Alexey Toropchenko and loses puck.
3:01 of 2nd period - Slapshot by Max Jones.
3:01 of 2nd period - Shot Misses the Net.
3:14 of 2nd period - Kevin Bahl is hit by Adam Ruzicka and loses puck.
3:31 of 2nd period - Wrist shot by Jonny Brodzinski.
3:31 of 2nd period - Goal by Jonny Brodzinski - Orlando Solar Bears : 2 - Cape Breton Oilers : 1.
3:32 of 2nd period - Justin Danforth wins face-off versus Brett Seney in neutral zone.
3:35 of 2nd period - Snap shot by Adam Beckman.
3:35 of 2nd period - Stopped by Hunter Jones with a rebound.
3:37 of 2nd period - Slapshot by Isaak Phillips.
3:37 of 2nd period - Shot Misses the Net.
3:39 of 2nd period - Slapshot by Adam Beckman.
3:39 of 2nd period - Shot Misses the Net.
3:41 of 2nd period - Snap shot by Philip Tomasino.
3:41 of 2nd period - Stopped by Hunter Jones without a rebound.
3:42 of 2nd period - Justin Danforth wins face-off versus Parker Kelly in Cape Breton Oilers zone.
3:59 of 2nd period - Wrist shot by Justin Danforth.
3:59 of 2nd period - Shot Misses the Net.
4:01 of 2nd period - Wrist shot by Philip Tomasino.
4:01 of 2nd period - Shot Misses the Net.
4:03 of 2nd period - Wrist shot by Henry Thrun.
4:03 of 2nd period - Deflect By Philip Tomasino.
4:03 of 2nd period - Stopped by Hunter Jones with a rebound.
4:05 of 2nd period - Snap shot by Philip Tomasino.
4:05 of 2nd period - Shot Misses the Net.
4:07 of 2nd period - Snap shot by Philip Tomasino.
4:07 of 2nd period - Shot Misses the Net.
4:09 of 2nd period - Slapshot by Henry Thrun.
4:09 of 2nd period - Shot Misses the Net.
4:17 of 2nd period - Wrist shot by Philip Tomasino.
4:17 of 2nd period - Stopped by Hunter Jones without a rebound.
4:18 of 2nd period - Jordan Martinook wins face-off versus Jonny Brodzinski in Cape Breton Oilers zone.
4:27 of 2nd period - Snap shot by Jordan Martinook.
4:27 of 2nd period - Shot Misses the Net.
4:50 of 2nd period - Snap shot by Justin Brazeau.
4:50 of 2nd period - Shot Misses the Net.
4:52 of 2nd period - Snap shot by Marat Khusnutdinov.
4:52 of 2nd period - Stopped by Hunter Jones with a rebound.
5:25 of 2nd period - Wrist shot by Adam Ruzicka.
5:25 of 2nd period - Shot Hit the Post.
5:33 of 2nd period - Snap shot by Alexey Toropchenko.
5:33 of 2nd period - Shot Blocked by Dmitri Voronkov.
5:35 of 2nd period - Wrist shot by Carl Grundstrom.
5:35 of 2nd period - Stopped by Filip Gustavsson with a rebound.
5:53 of 2nd period - Slapshot by Jonny Brodzinski.
5:53 of 2nd period - Stopped by Filip Gustavsson with a rebound.
5:57 of 2nd period - Wrist shot by Luke Evangelista.
5:57 of 2nd period - Stopped by Filip Gustavsson with a rebound.
5:59 of 2nd period - Slapshot by Vladislav Kolyachonok.
5:59 of 2nd period - Stopped by Filip Gustavsson with a rebound.
6:19 of 2nd period - Wrist shot by Max Jones.
6:19 of 2nd period - Shot Blocked by Adam Beckman.
6:29 of 2nd period - Spencer Stastney is hit by Matt Luff and loses puck.
6:34 of 2nd period - Snap shot by Parker Kelly.
6:34 of 2nd period - Shot Blocked by Spencer Stastney.
6:36 of 2nd period - Slapshot by Leon Gawanke.
6:36 of 2nd period - Stopped by Filip Gustavsson with a rebound.
6:42 of 2nd period - Slapshot by Parker Kelly.
6:42 of 2nd period - Shot Misses the Net.
7:10 of 2nd period - Snap shot by Jordan Martinook.
7:10 of 2nd period - Goal by Jordan Martinook - Orlando Solar Bears : 3 - Cape Breton Oilers : 1.
7:11 of 2nd period - Marat Khusnutdinov wins face-off versus Parker Kelly in neutral zone.
7:18 of 2nd period - Slapshot by Jarred Tinordi.
7:18 of 2nd period - Stopped by Hunter Jones without a rebound.
7:19 of 2nd period - Marat Khusnutdinov wins face-off versus Parker Kelly in Cape Breton Oilers zone.
7:20 of 2nd period - Slapshot by Justin Brazeau.
7:20 of 2nd period - Stopped by Hunter Jones without a rebound.
7:21 of 2nd period - Marat Khusnutdinov wins face-off versus Alexey Toropchenko in Cape Breton Oilers zone.
7:22 of 2nd period - Snap shot by Justin Brazeau.
7:22 of 2nd period - Stopped by Hunter Jones with a rebound.
7:24 of 2nd period - Slapshot by Travis Dermott.
7:24 of 2nd period - Deflect By Viktor Neuchev.
7:24 of 2nd period - Shot Misses the Net.
7:24 of 2nd period - Puck is out of play.
7:25 of 2nd period - Dmitri Voronkov wins face-off versus Parker Kelly in Cape Breton Oilers zone.
7:50 of 2nd period - Brett Seney is hit by Philip Tomasino and loses puck.
8:06 of 2nd period - Icing by Philip Broberg.
8:07 of 2nd period - Parker Kelly wins face-off versus Marat Khusnutdinov in Cape Breton Oilers zone.
9:49 of 2nd period - Slapshot by Dominic Toninato.
9:49 of 2nd period - Shot Blocked by Spencer Stastney.
9:51 of 2nd period - Slapshot by Dominic Toninato.
9:51 of 2nd period - Stopped by Filip Gustavsson with a rebound.
9:53 of 2nd period - Slapshot by Vladislav Kolyachonok.
9:53 of 2nd period - Stopped by Filip Gustavsson with a rebound.
10:13 of 2nd period - Minor Penalty to Victor Soderstrom for Interference.
10:14 of 2nd period - Dmitri Voronkov wins face-off versus Jonny Brodzinski in Orlando Solar Bears zone.
10:40 of 2nd period - Luke Evangelista is hit by Dmitri Voronkov and loses puck.
12:09 of 2nd period - Max Jones is hit by Isaak Phillips and loses puck.
12:13 of 2nd period - Penalty to Victor Soderstrom is over, Victor Soderstrom is back on ice.
12:18 of 2nd period - Slapshot by Kevin Bahl.
12:18 of 2nd period - Stopped by Filip Gustavsson with a rebound.
12:24 of 2nd period - Snap shot by Adam Ruzicka.
12:24 of 2nd period - Shot Misses the Net.
12:26 of 2nd period - Snap shot by Henry Thrun.
12:26 of 2nd period - Shot Blocked by Carl Grundstrom.
12:36 of 2nd period - Slapshot by Marat Khusnutdinov.
12:36 of 2nd period - Stopped by Hunter Jones with a rebound.
12:38 of 2nd period - Snap shot by Marat Khusnutdinov.
12:38 of 2nd period - Stopped by Hunter Jones with a rebound.
12:40 of 2nd period - Wrist shot by Adam Ruzicka.
12:40 of 2nd period - Stopped by Hunter Jones with a rebound.
12:46 of 2nd period - Wrist shot by Adam Ruzicka.
12:46 of 2nd period - Shot Misses the Net.
12:54 of 2nd period - Wrist shot by Adam Ruzicka.
12:54 of 2nd period - Stopped by Hunter Jones without a rebound.
12:55 of 2nd period - Justin Sourdif wins face-off versus Jonny Brodzinski in Cape Breton Oilers zone.
13:30 of 2nd period - Slapshot by Brett Seney.
13:30 of 2nd period - Stopped by Filip Gustavsson with a rebound.
14:01 of 2nd period - Snap shot by Marat Khusnutdinov.
14:01 of 2nd period - Stopped by Hunter Jones without a rebound.
14:02 of 2nd period - Dmitri Voronkov wins face-off versus Dominic Toninato in Cape Breton Oilers zone.
14:29 of 2nd period - Snap shot by Justin Danforth.
14:29 of 2nd period - Stopped by Hunter Jones with a rebound.
14:46 of 2nd period - Philip Tomasino is hit by Alexey Toropchenko and loses puck.
14:50 of 2nd period - Spencer Stastney is hit by William Trudeau.
14:52 of 2nd period - Wrist shot by Martin Pospisil.
14:52 of 2nd period - Goal by Martin Pospisil - Orlando Solar Bears : 4 - Cape Breton Oilers : 1.
14:53 of 2nd period - Dmitri Voronkov wins face-off versus Jonny Brodzinski in neutral zone.
14:58 of 2nd period - Snap shot by Dmitri Voronkov.
14:58 of 2nd period - Stopped by Hunter Jones with a rebound.
15:37 of 2nd period - Backhand shot by Adam Ruzicka.
15:37 of 2nd period - Shot Blocked by Wyatt Kaiser.
15:39 of 2nd period - Wrist shot by Adam Ruzicka.
15:39 of 2nd period - Stopped by Hunter Jones with a rebound.
15:41 of 2nd period - Wrist shot by Adam Ruzicka.
15:41 of 2nd period - Shot Misses the Net.
15:43 of 2nd period - Snap shot by Jarred Tinordi.
15:43 of 2nd period - Shot Blocked by Wyatt Kaiser.
16:19 of 2nd period - Wrist shot by Adam Ruzicka.
16:19 of 2nd period - Shot Misses the Net.
16:21 of 2nd period - Wrist shot by Jordan Martinook.
16:21 of 2nd period - Stopped by Hunter Jones with a rebound.
16:23 of 2nd period - Slapshot by Jarred Tinordi.
16:23 of 2nd period - Shot Misses the Net.
17:13 of 2nd period - Snap shot by Dmitri Voronkov.
17:13 of 2nd period - Stopped by Hunter Jones with a rebound.
17:15 of 2nd period - Slapshot by Travis Dermott.
17:15 of 2nd period - Shot Blocked by Brennan Othmann.
17:21 of 2nd period - Wrist shot by Dmitri Voronkov.
17:21 of 2nd period - Shot Misses the Net.
17:23 of 2nd period - Snap shot by Jordan Martinook.
17:23 of 2nd period - Shot Blocked by Dominic Toninato.
17:25 of 2nd period - Slapshot by Jarred Tinordi.
17:25 of 2nd period - Shot Misses the Net.
18:09 of 2nd period - Wrist shot by Dmitri Voronkov.
18:09 of 2nd period - Stopped by Hunter Jones with a rebound.
18:11 of 2nd period - Wrist shot by Dmitri Voronkov.
18:11 of 2nd period - Stopped by Hunter Jones without a rebound.
18:12 of 2nd period - Parker Kelly wins face-off versus Marat Khusnutdinov in Cape Breton Oilers zone.
19:47 of 2nd period - Luke Evangelista is hit by Justin Sourdif and loses puck.
19:57 of 2nd period - Icing by Brett Seney.
19:58 of 2nd period - Parker Kelly wins face-off versus Marat Khusnutdinov in Cape Breton Oilers zone.
Goals for this period are 3 for Orlando Solar Bears vs 1 for Cape Breton Oilers.
Shots for this period are 24 for Orlando Solar Bears vs 10 for Cape Breton Oilers.
3rd period
0:01 of 3rd period - Marat Khusnutdinov wins face-off versus Alexey Toropchenko in neutral zone.
0:06 of 3rd period - Slapshot by Travis Dermott.
0:06 of 3rd period - Stopped by Hunter Jones with a rebound.
0:08 of 3rd period - Wrist shot by Viktor Neuchev.
0:08 of 3rd period - Shot Blocked by Brett Seney.
0:10 of 3rd period - Slapshot by Travis Dermott.
0:10 of 3rd period - Deflect By Justin Brazeau.
0:10 of 3rd period - Shot Blocked by Parker Kelly.
0:10 of 3rd period - Puck is out of play.
0:11 of 3rd period - Marat Khusnutdinov wins face-off versus Brett Seney in Cape Breton Oilers zone.
0:16 of 3rd period - Slapshot by Justin Brazeau.
0:16 of 3rd period - Shot Misses the Net.
0:36 of 3rd period - Philip Tomasino is hit by Dominic Toninato and loses puck.
1:03 of 3rd period - Luke Evangelista is hit by Martin Pospisil and loses puck.
1:18 of 3rd period - Snap shot by Kevin Bahl.
1:18 of 3rd period - Deflect By Alexey Toropchenko.
1:18 of 3rd period - Shot Misses the Net.
1:18 of 3rd period - Puck is out of play.
1:19 of 3rd period - Alex Belzile wins face-off versus Dmitri Voronkov in Orlando Solar Bears zone.
1:36 of 3rd period - Minor Penalty to Leon Gawanke for High sticking.
1:37 of 3rd period - Max Jones wins face-off versus Justin Danforth in Cape Breton Oilers zone.
1:49 of 3rd period - Snap shot by Henry Thrun.
1:49 of 3rd period - Shot Misses the Net.
1:51 of 3rd period - Wrist shot by Adam Beckman.
1:51 of 3rd period - Shot Misses the Net.
1:53 of 3rd period - Slapshot by Adam Beckman.
1:53 of 3rd period - Shot Blocked by Vladislav Kolyachonok.
2:42 of 3rd period - Adam Ruzicka is hit by Philip Broberg.
3:36 of 3rd period - Penalty to Leon Gawanke is over, Leon Gawanke is back on ice.
4:11 of 3rd period - Slapshot by Jonny Brodzinski.
4:11 of 3rd period - Stopped by Filip Gustavsson with a rebound.
5:29 of 3rd period - Marat Khusnutdinov is hit by Max Jones and loses puck.
5:42 of 3rd period - Adam Ruzicka is hit by Luke Evangelista and loses puck.
5:53 of 3rd period - Victor Soderstrom is hit by Carl Grundstrom and loses puck.
6:58 of 3rd period - Philip Broberg is hit by Martin Pospisil and loses puck.
7:13 of 3rd period - Luke Evangelista is hit by Travis Dermott and loses puck.
7:49 of 3rd period - Slapshot by Carl Grundstrom.
7:49 of 3rd period - Shot Misses the Net.
8:10 of 3rd period - Carter Mazur is hit by Parker Kelly.
8:27 of 3rd period - Adam Beckman is hit by Will Cuylle and loses puck.
8:56 of 3rd period - Alex Belzile is hit by Spencer Stastney and loses puck.
9:29 of 3rd period - Brennan Othmann is hit by Jordan Martinook and loses puck.
9:42 of 3rd period - Justin Danforth is hit by Parker Kelly and loses puck.
10:23 of 3rd period - Wyatt Kaiser is hit by Philip Tomasino and loses puck.
10:52 of 3rd period - Carter Mazur is hit by Leon Gawanke and loses puck.
11:13 of 3rd period - Leon Gawanke is hit by Viktor Neuchev and loses puck.
11:36 of 3rd period - Jonny Brodzinski is hit by Dmitri Voronkov and loses puck.
11:44 of 3rd period - Minor Penalty to Dmitri Voronkov for Goalie Interference.
11:45 of 3rd period - Philip Tomasino wins face-off versus Jonny Brodzinski in Orlando Solar Bears zone.
12:56 of 3rd period - Icing by Alexey Toropchenko.
12:57 of 3rd period - Parker Kelly wins face-off versus Jordan Martinook in Cape Breton Oilers zone.
13:04 of 3rd period - Snap shot by Jordan Martinook.
13:04 of 3rd period - Shot Misses the Net.
13:06 of 3rd period - Wrist shot by Philip Tomasino.
13:06 of 3rd period - Stopped by Hunter Jones without a rebound.
13:07 of 3rd period - Jonny Brodzinski wins face-off versus Jordan Martinook in Cape Breton Oilers zone.
13:12 of 3rd period - Kevin Bahl is hit by Jarred Tinordi and loses puck.
13:21 of 3rd period - Wrist shot by Jonny Brodzinski.
13:21 of 3rd period - Shot Misses the Net.
13:23 of 3rd period - Backhand shot by Philip Broberg.
13:23 of 3rd period - Goal by Philip Broberg - Orlando Solar Bears : 4 - Cape Breton Oilers : 2.
13:24 of 3rd period - Justin Danforth wins face-off versus Parker Kelly in neutral zone.
13:31 of 3rd period - Snap shot by Philip Tomasino.
13:31 of 3rd period - Shot Misses the Net.
13:33 of 3rd period - Slapshot by Travis Dermott.
13:33 of 3rd period - Stopped by Hunter Jones with a rebound.
13:35 of 3rd period - Wrist shot by Adam Beckman.
13:35 of 3rd period - Shot Misses the Net.
13:37 of 3rd period - Snap shot by Travis Dermott.
13:37 of 3rd period - Shot Blocked by Philip Broberg.
13:44 of 3rd period - Minor Penalty to Jarred Tinordi for Interference.
13:45 of 3rd period - Dmitri Voronkov wins face-off versus Parker Kelly in Orlando Solar Bears zone.
13:55 of 3rd period - Snap shot by Alexey Toropchenko.
13:55 of 3rd period - Stopped by Filip Gustavsson without a rebound.
13:56 of 3rd period - Jordan Martinook wins face-off versus Parker Kelly in Orlando Solar Bears zone.
14:05 of 3rd period - Slapshot by Parker Kelly.
14:05 of 3rd period - Stopped by Filip Gustavsson without a rebound.
14:06 of 3rd period - Jordan Martinook wins face-off versus Parker Kelly in Orlando Solar Bears zone.
14:35 of 3rd period - Slapshot by Brett Seney.
14:35 of 3rd period - Stopped by Filip Gustavsson without a rebound.
14:36 of 3rd period - Jonny Brodzinski wins face-off versus Dmitri Voronkov in Orlando Solar Bears zone.
14:47 of 3rd period - Wrist shot by Luke Evangelista.
14:47 of 3rd period - Shot Misses the Net.
14:49 of 3rd period - Slapshot by Vladislav Kolyachonok.
14:49 of 3rd period - Shot Misses the Net.
14:51 of 3rd period - Snap shot by Jonny Brodzinski.
14:51 of 3rd period - Shot Misses the Net.
15:01 of 3rd period - Brett Seney is hit by Jordan Martinook and loses puck.
15:44 of 3rd period - Penalty to Jarred Tinordi is over, Jarred Tinordi is back on ice.
16:28 of 3rd period - Henry Thrun is hit by Dominic Toninato and loses puck.
17:46 of 3rd period - Snap shot by Carter Mazur.
17:46 of 3rd period - Shot Blocked by Vladislav Kolyachonok.
17:48 of 3rd period - Wrist shot by Carter Mazur.
17:48 of 3rd period - Deflect By Justin Sourdif.
17:48 of 3rd period - Shot Blocked by Wyatt Kaiser.
17:48 of 3rd period - Puck is out of play.
17:49 of 3rd period - Justin Sourdif wins face-off versus Carl Grundstrom in Cape Breton Oilers zone.
18:27 of 3rd period - Wrist shot by Marat Khusnutdinov.
18:27 of 3rd period - Stopped by Hunter Jones with a rebound.
18:43 of 3rd period - Snap shot by Jordan Martinook.
18:43 of 3rd period - Stopped by Hunter Jones without a rebound.
18:44 of 3rd period - Jordan Martinook wins face-off versus Parker Kelly in Cape Breton Oilers zone.
19:19 of 3rd period - Wrist shot by Dominic Toninato.
19:19 of 3rd period - Stopped by Filip Gustavsson without a rebound.
19:20 of 3rd period - Dominic Toninato wins face-off versus Viktor Neuchev in Orlando Solar Bears zone.
19:21 of 3rd period - Wrist shot by Brennan Othmann.
19:21 of 3rd period - Shot Blocked by Travis Dermott.
19:29 of 3rd period - Brennan Othmann is hit by Justin Brazeau and loses puck.
19:42 of 3rd period - Wrist shot by Brennan Othmann.
19:42 of 3rd period - Stopped by Filip Gustavsson with a rebound.
19:48 of 3rd period - Slapshot by Marat Khusnutdinov.
19:48 of 3rd period - Stopped by Hunter Jones with a rebound.
19:50 of 3rd period - Wrist shot by Marat Khusnutdinov.
19:50 of 3rd period - Stopped by Hunter Jones with a rebound.
19:52 of 3rd period - Wrist shot by Marat Khusnutdinov.
19:52 of 3rd period - Goal by Marat Khusnutdinov - Orlando Solar Bears : 5 - Cape Breton Oilers : 2.
19:53 of 3rd period - Parker Kelly wins face-off versus Justin Danforth in neutral zone.
Goals for this period are 1 for Orlando Solar Bears vs 1 for Cape Breton Oilers.
Shots for this period are 8 for Orlando Solar Bears vs 7 for Cape Breton Oilers.
Back to the Top